[Event "Czech Open-Rapid 2022"]
[Site "Pardubice"]
[Date "2022.07.21"]
[Round "6.7"]
[White "Goroshkov, Maksym"]
[Black "Luch, Michal"]
[Result "1/2-1/2"]
[ECO "B22"]
[WhiteElo "2240"]
[BlackElo "2375"]
[Annotator "TA"]
[PlyCount "125"]
[EventDate "2022.07.20"]
[EventType "swiss"]
[EventCountry "CZE"]
[SourceTitle "playchess.com"]
[Source "ChessBase"]
[SourceQuality "1"]
[TimeControl "1200+10"]

1. e4 c5 2. c3 Nf6 3. e5 Nd5 4. Bc4 Qc7 5. Nf3 Nb6 6. Bb3 c4 7. Bc2 Nc6 8. Qe2 g5 9. h3 {[%emt 0:00:14] B22: Sicilian: 2 c3.} Bg7 10. d4 (10. O-O $14) 10... cxd3 $1 $11 11. Bxd3 (11. Qxd3 {with more complications.} Nxe5 12. Nxe5 Qxe5+ 13. Be3) 11... Nxe5 12. Nxg5 (12. Nxe5 $11 {keeps the balance.} Qxe5 13. Qxe5 Bxe5 14. Bxg5) 12... Nxd3+ $17 13. Qxd3 {[%emt 0:00:02] [#]} Qc4 $146 (13... Qe5+ $17 14. Be3 Qd5 15. Qxd5 Nxd5) ({Predecessor:} 13... h6 14. Nf3 d6 15. Na3 Bd7 16. Nb5 Qc5 17. Nbd4 O-O-O 18. Be3 Qd5 19. c4 Qa5+ {½-½ (76) Martynov,P (1992)-Mammadov,Z (2180) Alushta 2009}) 14. Qxc4 Nxc4 15. Nd2 Nxd2 16. Bxd2 d5 17. O-O-O h6 18. Nf3 Bf5 19. Be3 Be4 20. Nd2 Bh7 {[%emt 0:00:12][%cal Od5d4] A strong pair of Bishops.} 21. Nb3 {[%emt 0:00:06] Inhibits d4.} e6 22. Rhe1 b6 23. Bd4 Rg8 24. g4 {[%emt 0:00:07] Black must now prevent Bxg7.} O-O-O ({Better is} 24... Bf8 $11) 25. f4 Be4 26. Bxg7 Rxg7 27. Nd4 Rh8 28. Re3 h5 29. g5 h4 (29... e5 $5 30. fxe5 Rxg5 $14) 30. c4 Kb7 31. b3 Rc8 {[%emt 0:00:21] [#]} ({Black should play} 31... Rf8 $14) 32. Kb2 (32. Nb5 $1 $16 ) 32... a6 (32... Rgg8 $11) 33. Ne2 f6 34. Nd4 (34. gxf6 $14 Rg2 35. Ka3) 34... fxg5 $11 {[%emt 0:00:06] The position is equal.} 35. Nxe6 gxf4 36. Nxf4 Rg3 37. Rde1 Rf8 38. Nxd5 Rf2+ 39. Ka3 Bxd5 40. cxd5 {[%emt 0:00:04] [#] Re7+ is the strong threat.} Rxe3 41. Rxe3 {[%emt 0:00:00][%mdl 4096] Endgame KR-KR} Rh2 42. Rc3 Rd2 43. Rc4 a5 44. Rxh4 b5 45. Rh6 Rxd5 46. Kb2 Rd2+ 47. Kb1 b4 48. h4 Rh2 49. h5 Rh1+ 50. Kc2 Rh2+ 51. Kd3 Rxa2 52. Kc4 Rg2 53. Rg6 Rh2 54. h6 Rh4+ 55. Kb5 Rh5+ 56. Ka4 Ka7 57. Rg7+ Kb6 58. Rg6+ Kb7 59. Rd6 Ka7 60. Rf6 Kb7 61. Rg6 Ka7 62. h7 Rxh7 63. Rg7+ $2 {[%emt 0:00:00][%mdl 40960] Weighted Error Value: White=0.14 (very precise) /Black=0.12 (very precise) . An unexpected result.} 1/2-1/2

[Event "Czech Open-Rapid 2022"]
[Site "Pardubice"]
[Date "2022.07.21"]
[Round "6.8"]
[White "Freisler, Pavel"]
[Black "Neuman, Petr"]
[Result "0-1"]
[ECO "A41"]
[WhiteElo "2256"]
[BlackElo "2378"]
[Annotator "TA"]
[PlyCount "86"]
[EventDate "2022.07.20"]
[EventType "swiss"]
[EventCountry "CZE"]
[SourceTitle "playchess.com"]
[Source "ChessBase"]
[SourceQuality "1"]
[TimeControl "1200+10"]

1. d4 d6 2. c4 e5 3. Nc3 exd4 4. Qxd4 Nc6 5. Qd2 Nf6 6. g3 Be6 7. Nd5 Ne5 {[%emt 0:03:11] A21: English Opening: 1...e5 2 Nc3.} 8. b3 {[%emt 0:00:07] [#]} a5 $146 ({Predecessor:} 8... Ne4 9. Qd4 f5 10. f3 c5 11. Qb2 Bxd5 12. cxd5 Nf6 13. Qd2 g6 14. Nh3 Qe7 15. Kf2 h5 16. Nf4 h4 {0-1 (32) Kovalenko,I (2674)-Grischuk,A (2742) Chess.com INT 2022}) 9. Bb2 (9. Bg2 $5 ) 9... a4 (9... Be7 $11 {keeps the balance.}) 10. Bg2 axb3 11. axb3 Rxa1+ 12. Bxa1 c6 13. Nxf6+ Qxf6 14. Bc3 Qd8 15. Nh3 f6 {[%emt 0:01:32] Inhibits Ng5.} 16. Nf4 Bf7 17. O-O Be7 18. Ra1 O-O 19. Bh3 Qb6 ({Better is} 19... Re8 $14) 20. Qc2 (20. Ne6 $16 Bxe6 21. Bxe6+ Kh8 22. Qd1) 20... Re8 21. Ne6 Bf8 22. Bd4 c5 23. Nxf8 (23. Bxe5 $5 Bg6 {[#]} 24. Qa2 $1 dxe5 25. Nxf8 Kxf8 26. Qa5 Qxa5 27. Rxa5 $11) 23... cxd4 24. Nd7 (24. Nxh7 $2 d3 25. Nxf6+ gxf6 26. exd3 Nf3+ 27. Kh1 Qd4 $19) 24... Qc7 25. Nxe5 dxe5 26. c5 e4 27. b4 Qe5 {[%emt 0:00:30][%cal Od4d3] Strongly threatening ...d3!} 28. b5 $2 {[%emt 0:01:44][%mdl 8192] Black keeps a firm grip on the game.} (28. Rd1 $11 {and White is okay.}) 28... d3 $1 $19 29. Qb1 dxe2 30. Bd7 Rb8 ({Not} 30... Qxc5 31. Bxe8 Bxe8 32. Qxe4 $16) 31. c6 $2 (31. Bg4 {might work better.} Bc4 32. Qe1) 31... bxc6 32. Bxc6 (32. Bg4 $142 Bc4 33. b6) 32... e3 {[%emt 0:00:09] And now ...Rd8 would win.} 33. f4 Qd4 34. Qe1 Bc4 35. Rc1 Qd2 36. Kg2 {[%emt 0:00:04] [#]} g5 $1 37. Kf3 {[%emt 0:00:28] [#]} (37. Bf3 gxf4) 37... h5 $1 38. h3 {[%emt 0:00:01] [#]} (38. g4 Bd5+) 38... Kg7 $1 {[%emt 0:02:41] White must now prevent ...Bb3.} 39. Ra1 (39. h4 Rc8) 39... Kh6 {[%emt 0:00:32] aiming for ...Bd5+.} 40. Be4 Re8 {[%emt 0:00:48][%cal Oe8e4] ( -> ...Rxe4!)} 41. fxg5+ Kxg5 {[%emt 0:00:11] Black mates.} 42. h4+ Kh6 43. Qb1 Bd5 {[%emt 0:00:50] Weighted Error Value: White=1.02/Black=0.58} 0-1

[Event "Czech Open-Rapid 2022"]
[Site "Pardubice"]
[Date "2022.07.21"]
[Round "6.9"]
[White "Dobrowolski, Piotr"]
[Black "Jonsson, Gauti Pall"]
[Result "1-0"]
[ECO "B01"]
[WhiteElo "2423"]
[BlackElo "2071"]
[Annotator "TA"]
[PlyCount "91"]
[EventDate "2022.07.20"]
[EventType "swiss"]
[EventCountry "CZE"]
[SourceTitle "playchess.com"]
[Source "ChessBase"]
[SourceQuality "1"]
[TimeControl "1200+10"]

1. e4 {[%emt 0:00:02] ChessBase II} d5 2. exd5 Qxd5 3. Nc3 Qd8 4. Bc4 Nf6 5. Nf3 a6 6. d4 {[%emt 0:01:01] B01: Scandinavian Defence.} b5 7. Bb3 c5 8. a4 {[%emt 0:01:27] The position is equal.} c4 9. Ba2 {[%emt 0:00:09] [#]} Bd7 $146 (9... Qb6 $14) ({Predecessor:} 9... Qb6 10. Ne5 e6 11. O-O Bb7 12. Be3 Nbd7 13. d5 Bc5 14. Nxd7 Nxd7 15. dxe6 fxe6 {1-0 (60) Getz,N (2333)-Djukic,N (2494) Aix les Bains 2011 CBM 142 Extra [ChessBase II]}) 10. Ne5 e6 11. Qf3 {[%emt 0:02:58] Against Nc6} Ra7 12. Bf4 ({White should try} 12. O-O $16) 12... Bb4 $14 13. O-O {aiming for axb5.} O-O 14. Bg5 h6 15. Bh4 Be7 16. Rad1 Ne8 (16... b4 $11 17. Bxf6 Bxf6) 17. Bg3 {[%emt 0:00:32] White is much more active.} Bd6 (17... Nf6 $14) 18. Ne4 Bxe5 (18... Bc7 $16) 19. dxe5 $18 ({Worse is} 19. Bxe5 Bc6 $11) 19... Qe7 20. c3 Bc6 21. Bb1 Rd7 22. Qh5 {[%emt 0:01:05] Black must now prevent Bh4.} Rd5 23. axb5 axb5 24. Rxd5 Bxd5 25. Bh4 Qc7 26. Nf6+ Nxf6 $1 27. exf6 Qf4 28. fxg7 {[%emt 0:00:33] The board is on fire.} Kxg7 29. Bg3 Qg5 30. Qe2 {[%emt 0:00:01] Hoping for h4.} Nc6 {[%emt 0:01:13] [#]} (30... f5 $14) 31. f4 $1 $40 {[%emt 0:00:02][%cal Bf2f4,Bf4f5][%mdl 160] White has strong attack.} Qf6 (31... Qe7 {was called for.} 32. Qg4+ Kh8) 32. f5 e5 33. Qh5 (33. Qf2 $142 {Bh4 is the strong threat.} Ra8 34. Bh4) 33... Kh8 $2 (33... Qg5 34. f6+ Kh8 35. Qxg5 hxg5) 34. Bh4 $2 (34. Rd1 $18 {and the rest is easy.}) 34... Qg7 $16 35. Qe2 Rg8 $2 (35... f6 $16) 36. Be4 $18 Bxe4 37. Qxe4 Qg4 $2 (37... Nb8 38. Rd1 f6) 38. Bf6+ Kh7 39. Qxc6 e4 {[%emt 0:00:01] [#]} 40. g3 $1 {[%emt 0:00:16] Threatens to win with Qd7.} e3 41. Qd5 Qh5 42. Qf3 Qh3 43. Qxe3 b4 44. cxb4 c3 45. Bxc3 h5 46. Bd2 {[%emt 0:00:19] Weighted Error Value: White=0.37/Black=0.84} ({Inferior is} 46. Qe7 Rxg3+ 47. hxg3 Qxg3+ 48. Kh1 Qh3+ 49. Kg1 Qg3+ 50. Kh1 Qh3+ 51. Kg1 Qg3+ $11) 1-0

[Event "Czech Open-Rapid 2022"]
[Site "Pardubice"]
[Date "2022.07.21"]
[Round "6.10"]
[White "Aradhya, Garg"]
[Black "Rasik, Vitezslav"]
[Result "1/2-1/2"]
[ECO "B08"]
[WhiteElo "2229"]
[BlackElo "2419"]
[Annotator "TA"]
[PlyCount "61"]
[EventDate "2022.07.20"]
[EventType "swiss"]
[EventCountry "CZE"]
[SourceTitle "playchess.com"]
[Source "ChessBase"]
[SourceQuality "1"]
[TimeControl "1200+10"]

1. d4 d6 2. Nf3 g6 3. e4 Nf6 4. Nc3 Bg7 5. h3 O-O 6. Be3 b6 7. e5 {[%emt 0:00:45] B08: Pirc Defence: Classical System.} Nfd7 8. Bc4 {[%emt 0:01:55] Threatening e6.} dxe5 9. dxe5 (9. Qe2 $5 ) 9... Nxe5 10. Nxe5 Bxe5 {[%emt 0:00:02] [#]} (10... Qxd1+ $11 11. Rxd1 Bxe5) 11. Qf3 $146 {[%emt 0:00:11] White is more active.} (11. Bxf7+ $1 $16 Kg7 12. Qd5 Qxd5 13. Bxd5) ({Predecessor:} 11. O-O Bb7 12. Qxd8 Rxd8 13. Rad1 Nc6 14. Bb3 e6 15. Bc1 Ne7 16. Ne2 Nf5 17. g3 {1-0 (31) Sharp,D (1328)-Harrison,M Palmerston North 2018}) 11... c6 $11 12. O-O Qc7 13. Nd5 cxd5 14. Bxd5 {[%emt 0:00:03] [#]} Nc6 $1 15. Bxc6 Rb8 16. c3 Bb7 17. Bxb7 Qxb7 18. Qxb7 Rxb7 19. Rfd1 b5 20. Rd5 Bd6 21. g4 f5 22. Bh6 Rf6 23. Re1 {[%emt 0:00:07] Threatens to win with g5.} Kf7 {[%emt 0:00:49] The position is equal.} 24. Kg2 Re6 25. Red1 Re5 26. Rxe5 Bxe5 27. a3 Ke6 28. Be3 a6 29. Rd8 Rb8 {[%emt 0:00:30] Prevents Ra8.} 30. Rd2 Rb7 31. Rd8 {[%emt 0:00:24] Weighted Error Value: White=0.14 (very precise) /Black=0.16 (very precise)} 1/2-1/2

[Event "Czech Open-Rapid 2022"]
[Site "Pardubice"]
[Date "2022.07.21"]
[Round "6.11"]
[White "Babula, Vlastimil jr"]
[Black "Cerveny, Martin"]
[Result "0-1"]
[ECO "D00"]
[WhiteElo "2039"]
[BlackElo "2396"]
[Annotator "TA"]
[PlyCount "50"]
[EventDate "2022.07.20"]
[EventType "swiss"]
[EventCountry "CZE"]
[SourceTitle "playchess.com"]
[Source "ChessBase"]
[SourceQuality "1"]
[TimeControl "1200+10"]

1. d4 d5 2. Nc3 Nf6 3. Bf4 e6 4. e3 a6 5. g4 h6 6. f3 {[%emt 0:01:08] [#] D00: 1 d4 d5: Unusual lines.} ({Better is} 6. Qf3 $11) 6... b5 $146 ({Predecessor:} 6... c5 7. Nge2 Nc6 8. Qd2 Bd7 9. h4 Rc8 10. Rg1 g6 11. O-O-O Qa5 12. Kb1 b5 {0-1 (43) Karimov,A (2251)-Iturrizaga Bonelli,E (2613) Chess.com INT 2021}) 7. Qd2 c5 8. h4 {[%emt 0:00:07] Black is slightly better.} Nc6 9. Nge2 Bb7 10. Rg1 g6 11. g5 {[%emt 0:03:39] [#]} Nh5 12. dxc5 (12. O-O-O $17) 12... Nxf4 13. Nxf4 hxg5 ({Worse is} 13... Bxc5 14. Nd3 Bb6 15. Ne2) 14. hxg5 Bxc5 {[%emt 0:00:05] aiming for ...Qb6.} 15. O-O-O (15. Nd3 {keeps fighting.} Bb6 16. Ne2) 15... Ne5 $19 16. Rg3 Qb6 17. Ng2 O-O-O 18. f4 {[%emt 0:00:01] [#]} (18. Qe1 $142) 18... Nc4 $1 19. Bxc4 dxc4 ({And not} 19... bxc4 20. Na4 Qd6 21. Nxc5 Qxc5 22. Ne1 $11) 20. Qf2 (20. Qe1 $142 Rh2 21. Rxd8+ Kxd8 22. Qf1) 20... Bxg2 21. Qxg2 Bxe3+ 22. Kb1 Bxf4 $2 {[%emt 0:00:53] Active counter play!} (22... b4 23. Nd5 Rxd5 24. Rxd5 exd5) 23. Rf3 (23. Rg4 {was necessary.} Rxd1+ 24. Nxd1) 23... Rxd1+ 24. Nxd1 Qc6 25. Qg4 {[%emt 0:00:52] [#]} Rh4 $3 {[%emt 0:02:28][%mdl 512] White got outplayed after the opening.  Weighted Error Value: White=0.72/Black=0.29 (precise)} 0-1

[Event "Czech Open-Rapid 2022"]
[Site "Pardubice"]
[Date "2022.07.21"]
[Round "6.12"]
[White "Kraus, Ondrej"]
[Black "Blatny, Pavel"]
[Result "1-0"]
[ECO "A40"]
[WhiteElo "1993"]
[BlackElo "2325"]
[Annotator "TA"]
[PlyCount "93"]
[EventDate "2022.07.20"]
[EventType "swiss"]
[EventCountry "CZE"]
[SourceTitle "playchess.com"]
[Source "ChessBase"]
[SourceQuality "1"]
[TimeControl "1200+10"]

1. d4 b6 2. c4 e6 3. Nf3 Bb7 4. e3 f5 5. Nc3 Nf6 6. a3 {[%emt 0:00:35] A85: Dutch Defence: 2 c4 Nf6 3 Nc3.} Be7 7. Bd3 O-O 8. O-O {[%emt 0:00:13] The position is equal.} Qe8 9. d5 {[%emt 0:01:39] [#]} Na6 $146 ({Predecessor:} 9... a5 10. b3 Na6 11. Bb2 Nc5 12. Be2 Nfe4 13. Nb5 Na6 14. Rc1 Bf6 15. Nbd4 g5 {1-0 (33) Golenia,W (2001)-Galant,I (1690) Krakow 2016}) 10. b4 c6 11. Qe2 cxd5 12. cxd5 Nc7 13. dxe6 dxe6 14. Bb2 Ncd5 15. Ne5 Nxc3 16. Bxc3 Nd5 17. Bd4 f4 $2 {[%emt 0:00:47] Black cannot hold the game after this.} (17... Bf6 $11 {and Black has nothing to worry.}) 18. Bb5 $18 Qd8 (18... f3 $142 19. Nxf3 Qg6) 19. Qg4 {[%emt 0:01:22] [#] Nc6 is the strong threat.} Rf6 20. Nc6 Qe8 21. Nxe7+ Qxe7 22. Bxf6 Qxf6 23. Bd7 Kf7 24. Rad1 Ke7 25. Ba4 ({Not} 25. Bxe6 h5 26. Qxh5 (26. Bxd5 hxg4 27. Bxb7 Rd8 $11) 26... Qxe6 $16) 25... Rd8 26. exf4 Nxf4 27. Rxd8 Kxd8 28. g3 Nd5 29. Qh5 {[%emt 0:00:46] [#] aiming for Qe8+.} Qf8 {[%emt 0:01:57] Prevents Qe8+.} 30. Qe5 {[%emt 0:00:44] And now Qb8+ would win.} Ke7 31. Re1 Qf6 32. Qb8 {[%emt 0:00:28][%csl LRa7,LRb7] Intending Qe8+ and mate.} Bc6 {[%emt 0:02:18] Against Qe8+} 33. Bxc6 Qc3 34. Qb7+ (34. Qe8+ $142 Kf6 35. Qxe6+ Kg5 36. h4+ Kh5 37. Qf5+ Kh6 38. Qg5#) 34... Kf6 35. Re4 Ne7 36. Rf4+ Nf5 37. Be4 g5 38. Rf3 Qe1+ 39. Kg2 g4 {[%emt 0:00:19] White mates.} 40. Rf4 h5 41. Bxf5 exf5 42. Qc6+ Kg5 43. Qd5 Qb1 44. Qg8+ Kf6 45. Rd4 Qe1 46. Qd8+ Kf7 47. Rd7+ {[%emt 0:00:09] Weighted Error Value: White=0.06 (flawless) /Black=0.62} 1-0

[Event "Czech Open-Rapid 2022"]
[Site "Pardubice"]
[Date "2022.07.21"]
[Round "6.13"]
[White "Schatz, Christian"]
[Black "Babula, Vlastimil sr"]
[Result "0-1"]
[ECO "A33"]
[WhiteElo "2137"]
[BlackElo "2556"]
[Annotator "TA"]
[PlyCount "88"]
[EventDate "2022.07.20"]
[EventType "swiss"]
[EventCountry "CZE"]
[SourceTitle "playchess.com"]
[Source "ChessBase"]
[SourceQuality "1"]
[TimeControl "1200+10"]

1. Nf3 c5 2. c4 Nc6 3. d4 cxd4 4. Nxd4 Nf6 5. Nc3 e6 6. e3 Bb4 7. Bd2 {[%emt 0:00:26] A33: Symmetrical English: 2 Nf3 Nf6 3 d4 cxd4 4 Nxd4 e6 5 Nc3 Nc6.} Nxd4 8. exd4 O-O 9. Be2 {[%emt 0:00:18] The position is equal.} d5 10. cxd5 Bxc3 11. Bxc3 (11. bxc3 $11 exd5 12. f3) 11... Nxd5 $15 12. O-O {[%emt 0:00:04] [#]} b6 $146 ({Predecessor:} 12... Bd7 13. Bf3 Nxc3 14. bxc3 Rc8 15. Qb3 b5 16. Rfc1 Qb6 17. Be2 Rc7 18. c4 bxc4 19. Qxb6 axb6 20. Rxc4 {0-1 (37) Meins,G (2422)-Perunovic,M (2606) Biel 2017}) 13. Bf3 Bb7 14. Rc1 Qd7 15. Qd2 Rfd8 16. Rfe1 (16. Be2 $15) 16... Ne7 (16... Nxc3 $17 17. bxc3 Bxf3 18. gxf3 Rac8) 17. Bxb7 Qxb7 18. Qg5 Rd5 19. Qg4 Rad8 20. h4 h5 21. Qf3 Qa6 22. a3 Rf5 23. Qe4 Nd5 24. g3 Nf6 {[%emt 0:00:10] Black is more active.} 25. Qc6 Nd5 (25... Ng4 $17 {Strongly threatening ...Rc8.} 26. Rc2 (26. f3 Nf6 $17) 26... Rfd5) 26. Re5 (26. Bd2 $15) 26... Rc8 (26... Rxe5 $1 $17 27. dxe5 Qe2) 27. Qd7 Nf6 28. Qe7 Qd3 (28... Rxe5 $15 29. dxe5 Nd5) 29. Rxf5 Qxf5 30. Qb7 Rc4 31. Re1 {[%emt 0:01:11] Inhibits Ne4.} Ng4 $40 {[%emt 0:01:01][%mdl 128] Black mounts an attack.} 32. Re2 Qb5 {[%emt 0:00:32][%cal Oc4c3] White must now prevent ...Rxc3!} 33. Qa8+ Kh7 {[%emt 0:00:02][%cal Oc4c3] Threatens to win with ...Rxc3!} 34. Qe4+ (34. f3 $2 Rxc3 $1 35. bxc3 Qxe2 $19) 34... g6 35. Qf4 Qd7 (35... Rxc3 $11 36. Qxf7+ Kh8 37. Qf8+ Kh7 38. Qf7+ Kh8 39. Qf8+ Kh7 40. Qf7+) 36. f3 $14 Nh6 37. g4 {[%emt 0:00:22] Against Nf5} (37. Qe5 $5 ) 37... hxg4 38. fxg4 Qc7 39. Re5 $2 {[#] Loses the game.} (39. Qxc7 $11 Rxc7 40. d5) 39... Nxg4 $1 $19 40. Bd2 $2 ({Not} 40. Qxg4 $2 Qxe5 41. Kg2 Qe3 $19) (40. Re4 Qxf4 41. Rxf4) 40... Nxe5 41. Qh6+ Kg8 42. dxe5 Qxe5 (42... Rg4+ $142 43. Kf1 Qxe5) 43. Bc3 Qg3+ 44. Kf1 Qf3+ {[%emt 0:00:31] Weighted Error Value: White=0.77/Black=0.14 (very precise)} 0-1

[Event "Czech Open-Rapid 2022"]
[Site "Pardubice"]
[Date "2022.07.21"]
[Round "6.14"]
[White "Ptacek, Lubos"]
[Black "Jirovsky, Milos"]
[Result "0-1"]
[ECO "B01"]
[WhiteElo "2049"]
[BlackElo "2458"]
[Annotator "TA"]
[PlyCount "76"]
[EventDate "2022.07.20"]
[EventType "swiss"]
[EventCountry "CZE"]
[SourceTitle "playchess.com"]
[Source "ChessBase"]
[SourceQuality "1"]
[TimeControl "1200+10"]

1. e4 d5 2. exd5 Qxd5 3. Nf3 Nf6 4. Be2 Bf5 5. d4 c6 6. O-O {[%emt 0:00:13] B01: Scandinavian Defence.} e6 7. Bf4 (7. c4 $14 Qd8 8. Nh4) 7... Qe4 $11 8. Bxb8 {[%emt 0:00:33] The position is equal.} Rxb8 9. Bd3 Qf4 10. Bxf5 Qxf5 11. Nbd2 Bd6 12. Re1 O-O 13. Nc4 Bc7 {[%emt 0:00:20] [#]} 14. Qe2 $146 ({Predecessor:} 14. Nfe5 Rbd8 15. c3 Ne4 16. Qe2 Nd6 17. Nxd6 Bxd6 18. Rad1 Rfe8 19. h3 h6 20. Rd2 {0-1 (37) Lagunow,E (1683)-Spiegelberg,S (1609) Oberhof 2010}) 14... Rbd8 15. c3 Rfe8 16. Nce5 Rd5 17. Rad1 Red8 18. Nh4 Qh5 19. Nhf3 h6 20. h3 c5 21. c4 R5d6 22. Nd3 cxd4 23. b4 R6d7 (23... Rc6 $5 24. Qc2 Qb5 $15) 24. Nc5 {[%emt 0:00:04] Pair of Knights!} Re7 25. Nxb7 Rb8 26. Nc5 {[%emt 0:00:04] And now a3 would win.} Rxb4 27. Nd3 (27. Na6 $11 {remains equal.} Ra4 28. Nxc7 Rxc7 29. Rxd4) 27... Rxc4 $17 {[%emt 0:00:45] Black is more active.} 28. Nf4 {[%emt 0:00:10] Against Qd5} (28. Nde5 $17 Rc5 29. Rxd4) 28... Qc5 $19 ({Don't take} 28... Bxf4 29. Qxc4 Bc7 30. Qxd4 $16 (30. Rxd4 Bb6 $16)) 29. Nd3 Qa5 30. Nb2 (30. Nde5 $142 d3 31. Qxd3) 30... Rb4 31. Nxd4 Qxa2 32. Nc6 {[%emt 0:00:34][%cal Oe2c2] [#] Hoping for Qc2!} Rxb2 33. Nxe7+ Kf8 34. Ng6+ (34. Qf3 $142 Kxe7 35. Ra1) 34... fxg6 35. Qf3 {[%emt 0:00:09] [#]} (35. Qxe6 {is a better defense.} Qxe6 36. Rxe6) 35... Rxf2 $3 {[%emt 0:00:53][%mdl 512] Black is clearly winning.} 36. Qxf2 (36. Ra1 Rxf3) 36... Bb6 {[%emt 0:00:01][%mdl 64] Pin} 37. Re3 Qxf2+ 38. Kxf2 Nd5 {[%emt 0:00:01] Weighted Error Value: White=0.30/Black=0.10 (very precise)} 0-1

[Event "Czech Open-Rapid 2022"]
[Site "Pardubice"]
[Date "2022.07.21"]
[Round "6.15"]
[White "Seger, Ruediger"]
[Black "Malinovsky, Petr"]
[Result "1/2-1/2"]
[ECO "B22"]
[WhiteElo "2299"]
[BlackElo "1959"]
[Annotator "TA"]
[PlyCount "73"]
[EventDate "2022.07.20"]
[EventType "swiss"]
[EventCountry "CZE"]
[SourceTitle "playchess.com"]
[Source "ChessBase"]
[SourceQuality "1"]
[TimeControl "1200+10"]

1. e4 c5 2. c3 Nf6 3. e5 Nd5 4. d4 cxd4 5. Nf3 e6 6. cxd4 d6 7. Nc3 Nxc3 8. bxc3 Qc7 9. Bd2 Nc6 10. exd6 Bxd6 11. Bd3 h6 12. O-O O-O 13. Re1 e5 {[%emt 0:00:45] B22: Sicilian: 2 c3.} 14. h3 {[%emt 0:02:26] Inhibits Bg4. White is more active.} (14. Qe2 $5 exd4 15. Qe4 $14 (15. cxd4 Qe7 $14)) 14... Be6 {[%emt 0:00:50] [#]} 15. a4 $146 ({Predecessor:} 15. Be4 exd4 {½-½ (15) Kabos,T (2251)-Coenen,M (2309) Goch 2012}) 15... Rad8 16. Rb1 b6 17. Be4 exd4 18. cxd4 {[%emt 0:00:02] [#]} (18. Qc1 $15) 18... Ne7 ({Black should try} 18... Nxd4 $1 $17 19. Bd3 (19. Qc1 Qxc1) 19... Ba2 20. Nxd4 Bh2+ 21. Kh1 Rxd4) 19. a5 $11 Bd5 20. axb6 axb6 21. Bd3 Nc6 22. Be3 Be7 23. Ne5 Nxe5 24. dxe5 Bc5 (24... Qxe5 {feels hotter.} 25. Bxb6 Qg5 26. g3 Rd6) 25. Bxc5 (25. Bxh6 {keeps more tension.} gxh6 26. Qg4+ Kh8 27. Qh4) 25... bxc5 26. Qc2 {Against Bc4} Qc6 27. Bh7+ Kh8 {[%emt 0:00:03] [#] Threatens to win with ...g6.} 28. Be4 {[%emt 0:00:02] The position is equal.} Rfe8 29. f4 f6 30. Bxd5 Qxd5 31. Rbd1 Qc6 32. Rxd8 Rxd8 33. e6 c4 34. e7 Re8 35. Qe4 Qxe4 36. Rxe4 Kg8 37. Rxc4 {Weighted Error Value: White=0.15 (very precise) /Black=0.14 (very precise)} 1/2-1/2

[Event "Czech Open-Rapid 2022"]
[Site "Pardubice"]
[Date "2022.07.21"]
[Round "6.16"]
[White "Polak, Benedikt"]
[Black "Strebkovs, Andrejs"]
[Result "0-1"]
[ECO "B10"]
[WhiteElo "2120"]
[BlackElo "2283"]
[Annotator "TA"]
[PlyCount "126"]
[EventDate "2022.07.20"]
[EventType "swiss"]
[EventCountry "CZE"]
[SourceTitle "playchess.com"]
[Source "ChessBase"]
[SourceQuality "1"]
[TimeControl "1200+10"]

1. e4 c6 2. Nf3 g6 3. d4 d5 4. exd5 cxd5 5. h3 Bg7 6. Be2 {B06: Modern Defence.} Nc6 7. O-O Nf6 8. Bf4 {White has an edge.} O-O (8... Qb6 $5 ) 9. Nbd2 Ne4 10. c3 Qb6 11. Qb3 Nxd2 {[#]} 12. Bxd2 $146 ({Predecessor:} 12. Nxd2 Qxb3 13. axb3 e5 14. dxe5 Nxe5 15. Bxe5 Bxe5 16. Nf3 Bf6 17. Rfd1 Be6 18. b4 {1-0 (52) Gajewski,G (2647)-Kreisl,R (2442) Reykjavik 2015}) 12... Qxb3 13. axb3 f6 {[#]} (13... a6 $14) 14. Bb5 (14. b4 $1 $16) 14... e5 15. Rfe1 {Threatening Bxc6.} e4 16. Nh2 f5 17. f3 h5 18. fxe4 fxe4 19. Bg5 a6 20. Nf1 Be6 21. Bxc6 bxc6 22. b4 Bc8 23. Ne3 Rb8 24. Rf1 Bb7 25. Rxf8+ Rxf8 26. Rf1 Rf7 27. Rxf7 (27. Ra1 $11) 27... Kxf7 $11 {[%mdl 4096] Endgame KBB-KBN} 28. Kf2 Bf8 29. h4 Bd6 30. g3 Bc7 31. Bf4 Bb6 32. g4 Bc8 33. gxh5 gxh5 34. Kg3 a5 (34... Bd8 $15) 35. bxa5 Bxa5 36. b4 Bb6 37. Bg5 Kg6 38. Bf4 Bd8 39. Be5 Be6 40. Bf4 Kf7 41. Be5 Ke8 42. Bf4 Kd7 43. Bg5 Bb6 44. Bf6 Bc7+ 45. Be5 Bd8 46. Bf4 Kc8 47. Ng2 Kb7 48. Bg5 Bb6 49. Kf4 Bc7+ 50. Ke3 Ka6 51. Nf4 Bg4 52. c4 (52. Kd2 $11) 52... dxc4 $17 53. Kxe4 Kb5 54. Be7 $2 {[%mdl 8192] This costs White the game.} (54. d5 $17) 54... c3 $19 {[#] White must now prevent ...Bxf4.} 55. Nd3 Kc4 {[%cal Og4f5] Inhibits d5. Hoping for ...Bf5+!} 56. Nc1 $2 (56. Ne5+ {nothing else works.} Bxe5 57. dxe5) 56... c2 57. Ke3 Kc3 {...Kb2 is the strong threat.} 58. Bc5 Kb2 59. Nd3+ Kb1 {Strongly threatening ...Bf5.} 60. b5 cxb5 61. Ba3 Bf5 {( -> ...Bxd3)} 62. Nc1 b4 63. Bxb4 Kxc1 {Weighted Error Value: White=0.48/Black=0.13 (very precise)} 0-1